Map: Lerilak Crest

Players

LilDicky - Winner!

  • Race: Terran Terran
  • League: Diamond

Commando

  • Race: Terran Terran
  • League: Platinum

VOD

http://www.twitch.tv/tumescentpie

Description

Time

  • Played on: Nov. 25, 2015, 10:01 p.m.
  • Length: 7:56
Show
View Real Time Build Order
Export as new Build Order

LilDicky Terran - Winner!

Build Orders:  

Get SALT Encoding   

  12  0:01  SCV  
  13  0:13  SCV  
  14  0:17  Supply Depot  
  14  0:25  SCV  
  15  0:30  Refinery  
  15  0:39  SCV  
  16  0:49  Barracks  
  16  0:52  SCV  
  17  1:04  SCV  
  18  1:18  SCV  
  19  1:31  SCV  
  20  1:42  Marine  
  20  1:43  SCV  
  20  1:44  Supply Depot  
  22  1:55  Orbital Command  
  22  1:59  Marine  
  23  2:15  Command Center  
  23  2:18  Factory  
  23  2:19  Refinery, Marine  
  24  2:26  SCV  
  25  2:38  SCV, Marine  
  27  2:48  Supply Depot  
  27  2:53  SCV  
  28  3:01  Factory Tech Lab  
  28  3:03  Starport  
  28  3:05  Marine  
  28  3:06  SCV  
  30  3:19  SCV  
  31  3:29  Supply Depot  
  31  3:31  SCV  
  32  3:43  Bunker  
  32  3:44  Widow Mine  
  32  3:47  Engineering Bay  
  35  3:48  SCV  
  35  3:53  Orbital Command  
  35  4:00  SCV  
  35  4:01  Banshee  
  35  4:02  Cloaking Field  
  39  4:12  SCV  
  39  4:16  Widow Mine  
  42  4:18  Marine  
  42  4:23  Missile Turret  
  43  4:24  SCV  
  42  4:32  Missile Turret  
  42  4:34  Missile Turret  
  42  4:37  SCV  
  42  4:41  Missile Turret  
  42  4:44  SCV  
  43  4:47  Widow Mine  
  43  4:48  Banshee  
  43  4:49  SCV  
  49  4:55  Supply Depot  
  49  4:56  SCV  
  50  5:18  Widow Mine  
  52  5:28  SCV  
  52  5:30  Marine  
  52  5:31  Banshee  
  55  5:37  Supply Depot  
  55  5:45  SCV, Barracks x2  
  55  5:48  Marine  
  54  6:23  Banshee  
  54  6:36  Marine x2  
  56  6:41  Barracks  
  56  6:42  SCV  
  56  6:43  Barracks Tech Lab, Widow Mine  
  56  6:44  SCV, Barracks  
  60  6:49  Barracks  
  60  7:02  Barracks Reactor  
  60  7:04  Marine  
  60  7:05  Barracks Tech Lab  
  60  7:07  SCV x2  
  63  7:11  Widow Mine  
  65  7:22  Marine  
  61  7:25  Marine  
  61  7:27  SCV x2  
  67  7:30  Refinery  
  67  7:31  Refinery  
  67  7:32  Marine x2  
  69  7:39  SCV x2  
  69  7:44  Command Center  
Show
View Real Time Build Order
Export as new Build Order

Commando Terran 

Build Orders: Banshee Rush 

Get SALT Encoding   

  12  0:00  SCV  
  13  0:12  SCV  
  14  0:17  Supply Depot  
  14  0:24  SCV  
  15  0:30  Refinery  
  15  0:39  SCV  
  16  0:45  Barracks  
  16  0:53  Refinery  
  16  0:56  SCV  
  17  1:08  SCV  
  18  1:20  SCV  
  20  1:33  Orbital Command  
  20  1:34  Reaper  
  20  1:35  Supply Depot  
  20  1:50  Factory  
  20  1:59  SCV  
  21  2:06  Marine  
  22  2:12  SCV  
  23  2:24  SCV  
  23  2:26  Supply Depot  
  23  2:27  Marine  
  25  2:34  Factory Tech Lab  
  25  2:35  Starport  
  25  2:38  SCV  
  26  2:52  SCV  
  26  2:56  Marine  
  28  3:04  SCV  
  31  3:11  Command Center  
  29  3:17  SCV  
  29  3:19  Cloaking Field  
  30  3:21  Banshee  
  33  3:29  SCV  
  33  3:35  Hellion, Marine  
  36  3:42  SCV  
  36  3:43  Supply Depot  
  38  3:59  Factory  
  38  4:02  Barracks Reactor  
  37  4:03  Hellion  
  37  4:05  Banshee  
  42  4:11  Supply Depot  
  42  4:16  SCV  
  43  4:55  Orbital Command  
  43  4:57  Starport Reactor  
  43  4:59  SCV  
  44  5:01  Siege Tank  
  37  5:39  Viking x2  
  41  5:45  Orbital Command  
  41  5:47  Engineering Bay  
  23  6:26  SCV x2  
  23  6:31  Hellion x2, Siege Tank  
  32  6:38  SCV x2  
  22  7:05  Siege Tank  
  22  7:10  Hellion  
  22  7:20  SCV  
  21  7:24  SCV  
Tags
 
Add a new tag
Caveats
  • Supply blocks, unpowered buildings, or Contaminate may cause inaccurate times.
  • Supply counts are checked every 10 seconds.